 Dungeon Crawl Stone Soup version 0.18.1-48-g4cf74bf (webtiles) character file.

244 nikopol the Skirmisher (level 5, -9/72 HPs)
             Began as a Minotaur Berserker on Aug 22, 2016.
             Was a Priest of Trog.
             Mangled by an ogre
             ... wielding a cursed +0 giant spiked club
              (15 damage)
             ... on level 4 of the Dungeon.
             The game lasted 00:05:53 (2491 turns).

nikopol the Skirmisher (Minotaur Berserker)         Turns: 2491, Time: 00:05:53

Health: -9/72      AC:  7    Str: 26    XL:     5   Next: 83%
Magic:  4/4        EV: 12    Int:  4    God:    Trog [***...]
Gold:   173        SH:  0    Dex: 11    Spells: 0 memorised, 4 levels left

rFire  . . .     SeeInvis .     a - +0 hand axe
rCold  + . .     Gourm    .     s - +0 ring mail
rNeg   + . .     Faith    .     (no shield)
rPois  .         Spirit   .     (helmet restricted)
rElec  .         Dismiss  +     (no cloak)
rCorr  .         Reflect  .     (no gloves)
SustAt .         Harm     .     y - +0 pair of boots
MR     .....                    w - amulet of dismissal
Stlth  ..........               u - ring of positive energy
                                r - ring of protection from cold

@: berserking, very quick, not resistant to hostile enchantments, extremely
unstealthy
A: retaliatory headbutt, horns 2
a: Berserk, Trog's Hand, Burn Spellbooks, Renounce Religion


You were on level 4 of the Dungeon.
You worshipped Trog.
Trog was most pleased with you.
You were not hungry.

You visited 1 branch of the dungeon, and saw 4 of its levels.

You collected 173 gold pieces.

Inventory:

Hand Weapons
 a - a +0 hand axe (weapon)
Missiles
 f - 77 arrows (quivered)
Armour
 b - a +0 animal skin
 j - a +0 leather armour
 s - a +0 ring mail (worn)
 y - a +0 pair of boots (worn)
Jewellery
 p - the ring of Nepsom {*Contam rC+ Str+5 Dex+3 Stlth+, unknown}
   (You found it on level 4 of the Dungeon)

   [ring of dexterity]

   It affects your strength (+5).
   It affects your dexterity (+3).
   It protects you from cold.
   It causes magical contamination when unequipped.
   It makes you more stealthy.
 r - a ring of protection from cold (left hand)
 u - a ring of positive energy (right hand)
 w - an amulet of dismissal (around neck)
Wands
 x - a wand of paralysis (14/24)
Scrolls
 d - 3 scrolls of remove curse {unknown}
 g - a scroll of immolation {unknown}
 h - 5 scrolls of identify {unknown}
 l - 2 scrolls of enchant weapon {unknown}
 o - 3 scrolls of teleportation {unknown}
 q - a scroll of enchant armour {unknown}
Potions
 e - 2 potions of magic {unknown}
 i - a potion of curing {unknown}
 k - a potion of haste {unknown}
 m - a potion of degeneration {unknown}
 n - 2 potions of lignification {unknown}
 v - 2 potions of agility {unknown}
 z - a potion of invisibility {unknown}
 B - a potion of heal wounds {unknown}
Comestibles
 c - 4 bread rations
 t - a slice of pizza
 A - 3 chunks of flesh


   Skills:
 + Level 5.0 Fighting
 + Level 4.9 Axes
 + Level 4.3 Armour
 + Level 3.9 Dodging


You had 4 spell levels left.
You didn't know any spells.

Dungeon Overview and Level Annotations

Branches:
Dungeon (4/15)
 Temple: D:4-7

Altars:
Ashenzari
Gozag
Vehumet
Xom
Zin


Innate Abilities, Weirdness & Mutations

You reflexively headbutt those who attack you in melee.
You have a pair of horns on your head.


Message History

The ogre is moderately wounded.
The ogre hits you with a giant spiked club!!
Ouch! That really hurt!
You barely miss the ogre.
The ogre is moderately wounded.
The ogre barely misses you.
You hit the ogre.
The ogre is moderately wounded.
You hit the ball python.
You kill the ball python!
Trog accepts your kill.
The ogre hits you with a giant spiked club!
* * * LOW HITPOINT WARNING * * *
A jackal comes into view.
A red film seems to cover your vision as you go berserk!
You feel yourself moving faster!
You feel mighty!
You feel somewhat more hungry.
The jackal barks!
The ogre hits you with a giant spiked club!
You die...

............#
............# #......##
............# .#.....h..
...........###.#........
.)........ .............
#........####.##........
##.###...............>..
#.# #........†.......
#.# #####......@O....#
#.# #.....##.##......#
#.# ..#.......#.......#
#.# .##.......#..######
#.##.##..........#
#..#.##.........##
##...##.......###
###..###.......#
...............#


You could see an ogre and a jackal.

Vanquished Creatures
  A hound (D:4)
  Robin (D:2)
  A howler monkey skeleton (D:4)
  7 adders
  4 gnolls (D:3)
  An ooze (D:1)
  An adder skeleton (D:4)
  A worm (D:2)
  2 dart slugs (D:2)
  3 giant geckos
  A ball python (D:4)
  3 giant cockroaches
  19 goblins
  9 hobgoblins
  2 jackals (D:3)
  2 kobolds
  8 bats
  5 giant newts
  9 rats
80 creatures vanquished.

Notes
Turn   | Place    | Note
--------------------------------------------------------------
     0 | D:1      | nikopol the Minotaur Berserker began the quest for the Orb.
     0 | D:1      | Reached XP level 1. HP: 19/19 MP: 0/0
   172 | D:1      | Reached XP level 2. HP: 26/27 MP: 1/1
   274 | D:1      | Reached ** piety under Trog
   531 | D:2      | Reached XP level 3. HP: 27/33 MP: 2/2
   649 | D:2      | Reached skill level 4 in Fighting
  1012 | D:2      | Reached XP level 4. HP: 31/40 MP: 3/3
  1079 | D:2      | Noticed Robin
  1095 | D:2      | Killed Robin
  1564 | D:3      | Found a shattered altar of Ashenzari.
  1568 | D:3      | Reached *** piety under Trog
  1611 | D:3      | Found a shimmering altar of Xom.
  1614 | D:3      | Noticed an angel
  1617 | D:3      | Found a glowing silver altar of Zin.
  1832 | D:3      | Reached XP level 5. HP: 47/47 MP: 4/4
  2206 | D:3      | Found an opulent altar of Gozag.
  2332 | D:4      | Found a radiant altar of Vehumet.
  2366 | D:4      | Got a clouded iron ring
  2476 | D:4      | Reached skill level 5 in Fighting
  2484 | D:4      | Noticed an ogre
  2491 | D:4      | Mangled by an ogre

Skill      XL: |  1  2  3  4  5 |
---------------+----------------+-----
Axes           | 4 |  4.9
Armour         | 3 4 |  4.3
Fighting       | 4 5 |  5.0
Dodging        | 3 |  3.9

Action                   |  1- 3 |  4- 6 || total
-------------------------+-------+-------++-------
Melee: Hand axe          |    63 |    82 ||   145
       Headbutt          |     9 |    15 ||    24
Invok: Berserk           |     1 |     2 ||     3
  Eat: Chunk             |       |     5 ||     5
       Royal jelly       |       |     1 ||     1
Armor: Animal skin       |     6 |       ||     6
       Leather armour    |     7 |     3 ||    10
       Ring mail         |       |    19 ||    19
Dodge: Dodged            |    39 |    55 ||    94
